 Dungeon Crawl Stone Soup version 0.28.0-43-g3370ac3207 (webtiles) character file.

Game seed: 17560335482380579679

84 Pemander the Sneak (level 4, 0/21 HPs)
             Began as a Spriggan Enchanter on Mar 22, 2022.
             Succumbed to a scorpion's poison
             ... on level 4 of the Dungeon.
             The game lasted 00:07:17 (4317 turns).

Pemander the Sneak (Spriggan Enchanter)             Turns: 4317, Time: 00:07:18

Health: 0/21       AC:  2    Str:  4 (6)  XL:     4   Next: 23%
Magic:  11/11      EV: 17    Int: 15 (16) God:
Gold:   151        SH:  0    Dex: 12 (15) Spells: 3/11 levels left

rFire   + . .      SeeInvis +   a - +1 dagger
rCold   + . .      Faith    .   (no shield)
rNeg    . . .      Spirit   .   b - +0 robe
rPois   +          Reflect  .   (helmet restricted)
rElec   +          Harm     .   (no cloak)
rCorr   +          Rampage  .   (gloves unavailable)
Will    .....                   (boots unavailable)
Stlth   +++.......              (no amulet)
HPRegen 0.07/turn               (no ring)
MPRegen 0.12/turn               (no ring)

@: lethally poisoned (0 -> -9), resistant, very quick
A: very small, no large weapons, unfitting armour, see invisible, speed 3
a: no special abilities


You were on level 4 of the Dungeon.
You visited 2 branches of the dungeon, and saw 5 of its levels.

You collected 151 gold pieces.

Inventory:

Hand Weapons
 a - a +1 dagger (weapon)
Armour
 b - a +0 robe (worn)
 g - an orb of mayhem
Scrolls
 e - a scroll of vulnerability {unknown}
Potions
 i - a potion of degeneration


   Skills:
 - Level 0.4 Fighting
 - Level 1.1 Short Blades
 - Level 2.6 Dodging
 - Level 5.1 Stealth
 - Level 4.0 Spellcasting
 + Level 4.7 Hexes
 - Level 0.2 Ice Magic


You had 3 spell levels left.
You knew the following spells:

 Your Spells              Type           Power      Damage    Failure   Level
a - Ensorcelled Hibernat  Hex/Ice        20%        N/A       10%         2
b - Confusing Touch       Hex            17%        N/A       8%          3
c - Tukima's Dance        Hex            17%        N/A       8%          3

Your spell library contained the following spells:

 Spells                   Type           Power      Damage    Failure   Level
 Dazzling Flash           Conj/Hex       20%        N/A       21%         3


Dungeon Overview and Level Annotations

Branches:
Dungeon (4/15)             Temple (1/1) D:4

Altars:
Ashenzari
Cheibriados
Elyvilon
Gozag
Hepliaklqana
Makhleb
Nemelex Xobeh
Okawaru
Qazlal
Sif Muna
Trog
Vehumet
Xom
Yredelemnul

Shops:
D:2 !

Annotations:
D:1 1 runed translucent door


Innate Abilities, Weirdness & Mutations

You are very small and have problems with some larger weapons.
You are too small for most types of armour.
You have supernaturally acute eyesight. (SInv)
You cover ground extremely quickly. (Speed+++)


Message History

The scorpion closely misses you. The scorpion barely misses you.
There is a staircase to the Ecumenical Temple here.
An iguana comes into view.
The iguana moves out of view.
The iguana hisses angrily.
You hear an angry hiss.
Okay, then.
You fade into invisibility!
As you read the scroll labelled FEROEGI RIUW, it crumbles to dust.
A profound silence engulfs you.
It was a scroll of silence.
The scorpion stings you but does no damage.
You cannot cast spells when silenced!
You barely miss the scorpion. The scorpion stings you.
You are poisoned.
The scorpion poisons you!
You hit the scorpion.
The scorpion is lightly wounded.
You feel very sick. The scorpion closely misses you.
You hit the scorpion.
The scorpion is moderately wounded.
You feel sick. The scorpion stings you!
You are lethally poisoned!
The scorpion poisons you!
It was a potion of degeneration.
There was something very wrong with that liquid.
You feel weakened.
You feel dopey.
You feel clumsy.
* * * LOW HITPOINT WARNING * * *
You feel very sick. The scorpion misses you.
It was a potion of cancellation.
Your magical effects are unravelling.
You feel magically purged.
You flicker back into view.
Your hearing returns.
* * * LOW HITPOINT WARNING * * *
You feel sick.
The iguana hisses angrily.
The scorpion barely misses you.
It was a potion of resistance.
You feel protected.
You die...

... ## .. . #. .#
.. #.##.# ...
#####.... ....
........###.....
#.<....##
#######...#...##.
#@s..##..........
####l....[.###...
##..........
##.#.####...
#.....# .##..
##.#.#.## .# #
#####.......#.#
#......#...#...#
#....#.......#...


You could see a scorpion and an iguana.

Vanquished Creatures
  A gnoll (D:1)
  A worm (D:2)
  An orc (D:4)
  4 bats
  8 endoplasms
  A giant cockroach (D:3)
  9 goblins
  9 hobgoblins
  2 jackals (D:1)
  2 quokkas
  6 ball pythons
  6 frilled lizards
  3 kobolds
  11 rats
64 creatures vanquished.

Vanquished Creatures (others)
  12 plants (D:1)
12 creatures vanquished.

Grand Total: 76 creatures vanquished

Notes
Turn   | Place    | Note
-------+----------+-------------------------------------------
     0 | D:1      | Pemander the Spriggan Enchanter began the quest for the
                  | Orb.
     0 | D:1      | Reached XP level 1. HP: 9/9 MP: 5/5
     1 | D:1      | Found a runed translucent door.
   651 | D:1      | Reached XP level 2. HP: 13/13 MP: 7/7
   659 | D:1      | Learned a level 2 spell: Ensorcelled Hibernation
  1887 | D:1      | Reached XP level 3. HP: 17/17 MP: 2/9
  1994 | D:1      | Found a faded altar of an unknown god.
  2480 | D:2      | Reached skill level 5 in Stealth
  2858 | D:2      | Learned a level 3 spell: Confusing Touch
  2897 | D:2      | Found Baloh's Distillery.
  3577 | D:2      | Reached XP level 4. HP: 21/21 MP: 8/11
  3607 | D:2      | Learned a level 3 spell: Tukima's Dance
  4198 | D:4      | Found a staircase to the Ecumenical Temple.
  4200 | D:4      | Noticed a scorpion
  4206 | Temple   | Entered the Ecumenical Temple
  4317 | D:4      | Succumbed to a scorpion's poison

Illustrated notes

Levels and vault maps discovered:
D:1:      dpeg_arrival_caged_fury, layout_basic,
          dilly_ecumenical_altar_fadedgnrine, minmay_misc_feat_doors
D:2:      kennysheep_big_flooded_room, layout_basic, serial_shops, shop,
          hex_tiny
D:3:      layout_rooms
D:4:      layout_rooms, mainiacjoe_overflow_alcove_1,
          minmay_temple_entry_sparse_star, biasface_ghost_orc_armoury,
          cheibrodos_sewer_entry_bend, kennysheep_minor_cross,
          grunt_decor_mini_mirrors, minmay_ruined_shrine
Temple:   eino_temple_water

Skill      XL: |  1  2  3 |
---------------+----------+-----
Spellcasting   | 3 4 |  4.0
Hexes          | 4 |  4.7
Stealth        | 5 |  5.1
Fighting       | |  0.4
Short Blades   | |  1.1
Dodging        | |  2.6
Ice Magic      | |  0.2

Action                   |  1- 3 |  4- 6 || total
-------------------------+-------+-------++-------
Melee: Dagger            |   122 |    30 ||   152
       Punch             |     1 |       ||     1
 Cast: Ensorcelled Hiber |    51 |     7 ||    58
  Use: Potion            |       |     4 ||     4
       Scroll            |       |     1 ||     1
 Stab: Sleeping          |    34 |     9 ||    43
       Distracted        |       |     1 ||     1
Armor: Robe              |    12 |     5 ||    17
Dodge: Dodged            |    92 |    16 ||   108
